 Dungeon Crawl Stone Soup version 0.26-a0-949-ga0cc1ef5f6 (webtiles) character file.

Game seed: 16695943753300671786

64 dolemite99 the Cudgeller (level 3, 0/29 HPs)
             Began as a Demonspawn Berserker on Nov 28, 2020.
             Was a Believer of Trog.
             Slain by an adder (5 damage)
             ... on level 2 of the Dungeon.
             The game lasted 00:02:30 (2225 turns).

dolemite99 the Cudgeller (Demonspawn Berserker)     Turns: 2225, Time: 00:02:30

Health: 0/29       AC:  5    Str: 18    XL:     3   Next: 91%
Magic:  3/3        EV: 12    Int:  8    God:    Trog [**....]
Gold:   153        SH:  0    Dex: 12    Spells: 2/2 levels left

rFire    . . .     SeeInvis .   a - +0 hand axe
rCold    . . .     Faith    .   (no shield)
rNeg     . . .     Spirit   .   n - +0 leather armour
rPois    .         Reflect  .   (no helmet)
rElec    .         Harm     .   (no cloak)
rCorr    .         Rampage  .   (no gloves)
MR       .....                  (no boots)
Stlth    +.........             (no amulet)
HPRegen  0.09/turn              (no ring)
MPRegen  0.08/turn              (no ring)

@: lethally poisoned (0 -> -3), berserk cooldown, slowed, very slow
A: molten scales 1, powered by pain 1
a: Berserk, Trog's Hand, Renounce Religion


You were on level 2 of the Dungeon.
You worshipped Trog.
Trog was pleased with you.
You visited 1 branch of the dungeon, and saw 2 of its levels.

You collected 153 gold pieces.

Inventory:

Hand Weapons
 a - a +0 hand axe (weapon)
 b - a +0 hunting sling
 o - a +0 flail
Missiles
 i - 20 arrows
 l - 51 stones
Armour
 f - a +0 animal skin
 n - a +0 leather armour (worn)
Jewellery
 j - an uncursed ring of flight {unknown}
Scrolls
 c - 2 scrolls of magic mapping {unknown}
 h - a scroll of amnesia {unknown}
 m - 2 scrolls of identify {unknown}
Potions
 d - a potion of ambrosia {unknown}
 e - a potion of cancellation {unknown}
 g - a potion of haste {unknown}
 k - a potion of curing {unknown}


   Skills:
 - Level 3.0 Fighting
 - Level 2.6(3.4) Axes
 + Level 3.2(3.7) Maces & Flails
 - Level 1.7 Armour
 - Level 1.7 Dodging


You had 2 spell levels left.
You didn't know any spells.
Your spell library was empty.

Dungeon Overview and Level Annotations

Branches:
Dungeon (2/15)

Altars:


Innate Abilities, Weirdness & Mutations

You are partially covered in molten scales. (AC +2)
You sometimes gain a little power by taking damage.


Message History

You hit the adder but do no damage.
The adder is heavily wounded.
You feel sick. The adder barely misses you.
The adder bites you but does no damage.
You barely miss the adder.
The adder is heavily wounded.
You barely miss the worm.
You feel sick. The adder misses you. The adder bites you. The worm bites you!
* * * LOW HITPOINT WARNING * * *
You miss the adder.
The adder is heavily wounded.
You hit the worm but do no damage.
You feel sick. The adder closely misses you. The adder bites you.
* * * LOW HITPOINT WARNING * * *
The worm bites you but does no damage. The adder misses you.
You miss the adder.
The adder is heavily wounded.
You hit the worm but do no damage. The adder barely misses you.
The adder bites you.
You die...

#..<.# ..... #....##.....
#...........
###...........
##.............. .....
##...............# #....
#........w....##... #....
#.....).@S...# ##..###..#
#..........#.# ..........
#...........^# ..........
#...........## ..........
##........#.# ..........
##........#.# #.........#
#...........###........##
#.......>....##..#..##)##
#........................


You could see a worm and an adder.

Vanquished Creatures
  2 adders (D:2)
  A dart slug (D:1)
  A leopard gecko (D:1)
  An orc (D:2)
  3 bats
  5 goblins
  4 hobgoblins
  4 jackals (D:2)
  8 frilled lizards (D:1)
  8 kobolds
  4 rats
41 creatures vanquished.

Notes
Turn   | Place    | Note
-------+----------+-------------------------------------------
     0 | D:1      | dolemite99 the Demonspawn Berserker began the quest for the
                  | Orb.
     0 | D:1      | Reached XP level 1. HP: 18/18 MP: 1/1
   118 | D:1      | Reached skill level 1 in Maces & Flails
   572 | D:1      | Gained mutation: You are partially covered in molten
                  | scales. (AC +2) [demonic ancestry]
   572 | D:1      | Reached XP level 2. HP: 24/24 MP: 2/2
  1583 | D:1      | Reached ** piety under Trog
  1584 | D:1      | Gained mutation: You sometimes gain a little power by
                  | taking damage. [demonic ancestry]
  1584 | D:1      | Reached XP level 3. HP: 29/29 MP: 3/3
  2225 | D:2      | Slain by an adder

Illustrated notes

Levels and vault maps discovered:
D:1:      lightli_arrival_windingriver, layout_loops_ring, minmay_lizard_pond
D:2:      layout_rooms, nicolae_overflow_crystal_walls

Skill      XL: |  1  2  3 |
---------------+----------+-----
Maces & Flails | 1 2 3 |  3.2
Fighting       | |  3.0
Axes           | |  2.6
Armour         | |  1.7
Dodging        | |  1.7

Action                   || total
-------------------------++-------
Melee: Hand axe          ||   126
Invok: Berserk           ||     7
Armor: Animal skin       ||    14
       Leather armour    ||    26
Dodge: Dodged            ||    96

Table legend: (Time is in decaauts)
 A = Elapsed time spent in this place.
 B = Non-inter-level travel time spent in this place.
 C = Inter-level travel time spent in this place.
 D = Time resting spent in this place.
 E = Time spent auto-exploring this place.
 F = Levels seen in this place.
 G = Mean time per level.
                   A        B        C        D        E       F      G
               +--------+--------+--------+--------+--------+-----+--------+
         Total |   2298 |   2274 |     24 |   1276 |    582 |   2 | 1149.0 |
       Dungeon |   2298 |   2274 |     24 |   1276 |    582 |   2 | 1149.0 |
               +--------+--------+--------+--------+--------+-----+--------+

Top non-repeatable levels by time:
     D:1: 1774 daAuts
     D:2: 523 daAuts
